 Dungeon Crawl Stone Soup version 0.21-a0-278-ga722497 (webtiles) character file.

1561 vishdafish the Ruffian (level 8, -1/78 HPs)
             Began as a Troll Fighter on Sept 21, 2017.
             Slain by Nattefrost's ghost (17 damage)
             ... on level 6 of the Dungeon.
             The game lasted 00:08:35 (4848 turns).

vishdafish the Ruffian (Troll Fighter)              Turns: 4848, Time: 00:08:36

Health: -1/78      AC:  5    Str: 29    XL:     8   Next: 58%
Magic:  6/6        EV: 12    Int:  4    God:
Gold:   361        SH: 10    Dex: 11    Spells: 7/7 levels left

rFire    + . .     SeeInvis .     - Unarmed
rCold    . . .     Gourm    +   b - +0 shield
rNeg     . . .     Faith    .   a - +0 robe
rPois    .         Spirit   .   (helmet restricted)
rElec    .         Reflect  .   (no cloak)
rCorr    .         Harm     .   (gloves unavailable)
MR       .....                  (boots unavailable)
Stlth    +.........             (no amulet)
HPRegen  0.63/turn              (no ring)
MPRegen  0.10/turn              (no ring)

@: no status effects
A: unfitting armour, claws 3, repulsion field 1, blurry vision 1, fire
resistance 1, fast metabolism 3, gourmand, low mp 1, regeneration 1, shaggy fur
1, strong 2, tough skin 2, subdued magic 1
a: no special abilities


You were on level 6 of the Dungeon.
You were not hungry.

You visited 1 branch of the dungeon, and saw 6 of its levels.

You collected 361 gold pieces.

Inventory:

Armour
 a - a +0 robe (worn)
 b - a +0 shield (worn)
Wands
 t - a wand of iceblast (8/15)
Scrolls
 e - 2 scrolls of remove curse
 h - 2 scrolls of noise {unknown}
 k - a scroll of blinking {unknown}
 l - 2 scrolls of identify
 m - a scroll of teleportation {unknown}
 n - a scroll of fear {unknown}
 q - a scroll of immolation {unknown}
 s - a scroll of enchant armour {unknown}
 u - a scroll of enchant weapon {unknown}
 v - a scroll of recharging {unknown}
Potions
 c - a potion of might
 i - 2 potions of ambrosia
 j - 3 potions of curing
 o - 2 potions of heal wounds
 w - a potion of lignification
 x - a potion of agility {unknown}
Comestibles
 d - 4 bread rations
 f - 3 royal jellies
 g - 2 meat rations
 p - 3 fruits


   Skills:
 + Level 4.0 Fighting
 * Level 4.0 Throwing
 + Level 4.3 Dodging
 - Level 0.4 Stealth
 + Level 4.2 Shields
 * Level 6.7 Unarmed Combat


You had 7 spell levels left.
You didn't know any spells.

Dungeon Overview and Level Annotations

Branches:
Dungeon (6/15)
 Temple: D:4-7

Altars:
Elyvilon
Fedhas
Ru
Wu Jian

Shops:
D:4 }

Annotations:
D:6 Nattefrost's ghost, novice HOFi


Innate Abilities, Weirdness & Mutations

You are too large for most types of armour.
You have claws for hands.
Your metabolism is lightning-fast.
You like to eat raw meat.
Your natural rate of healing is unusually fast.
You are covered in fur. (AC +1)
You have very tough skin. (AC +2)
You are surrounded by a mild repulsion field. (EV +2)
Scrolls take you a little longer to read.
Your flesh is heat resistant. (rF+)
Your magical capacity is low. (-10% MP)
Your muscles are very strong. (Str +4)
Your spells are a little easier to cast, but a little less powerful.


Message History

You scratch Nattefrost's ghost.
Nattefrost's ghost is heavily damaged.
You block Nattefrost's ghost's attack.
You claw Nattefrost's ghost!
Nattefrost's ghost is severely damaged.
Nattefrost's ghost hits you!!
You closely miss Nattefrost's ghost.
Nattefrost's ghost is severely damaged.
Nattefrost's ghost completely misses you.
You claw Nattefrost's ghost!
Nattefrost's ghost is almost destroyed.
You block Nattefrost's ghost's attack.
You barely miss Nattefrost's ghost.
Nattefrost's ghost is almost destroyed.
Nattefrost's ghost hits you!!
* * * LOW HITPOINT WARNING * * *
You closely miss Nattefrost's ghost.
Nattefrost's ghost is almost destroyed.
Nattefrost's ghost hits you!
You die...

#.# ########.##
....#.....##
>...(....<(##
............#
........[...#
.........[..#
>......)..W(#
.?.....)).@)#
............#
...........#....
....#........##.#
#####.###.#### #.
#.. ## ####


You could see Nattefrost's ghost.

Vanquished Creatures
  Eustachio (D:5)
  An orc warrior (D:6)
  2 sky beasts (D:5)
  An ogre (D:5)
  A big kobold (D:3)
  A scorpion (D:4)
  3 jellies (D:5)
  A centaur skeleton (D:4)
  2 orc wizards
  5 orc priests
  A hound (D:2)
  2 iguanas
  A bullfrog skeleton (D:4)
  A worker ant (D:5)
  Natasha (thrice) (D:2)
  A hound skeleton (D:4)
  2 worker ant zombies
  Robin (D:4)
  13 gnolls
  13 adders
  An ooze (D:5)
  3 adder skeletons
  A worm (D:4)
  3 dart slugs
  3 leopard geckos
  9 orcs
  15 giant cockroaches
  18 goblins
  9 hobgoblins
  2 kobolds
  2 quokkas (D:3)
  4 bats
  3 frilled lizards (D:1)
  A leopard gecko skeleton (D:5)
  A quokka skeleton (D:4)
  14 rats
145 creatures vanquished.

Notes
Turn   | Place    | Note
-------+----------+-------------------------------------------
     0 | D:1      | vishdafish the Troll Fighter began the quest for the Orb.
     0 | D:1      | Reached XP level 1. HP: 22/22 MP: 0/0
   104 | D:1      | Reached XP level 2. HP: 28/29 MP: 1/1
   498 | D:1      | Reached XP level 3. HP: 36/36 MP: 2/2
   953 | D:2      | Reached XP level 4. HP: 34/44 MP: 3/3
  1128 | D:2      | Noticed Natasha
  1135 | D:2      | Killed Natasha
  1135 | D:2      | Reached skill level 3 in Unarmed Combat
  1568 | D:2      | Noticed Natasha
  1579 | D:2      | Killed Natasha
  1579 | D:2      | Reached XP level 5. HP: 33/52 MP: 4/4
  1592 | D:2      | Noticed Natasha
  1598 | D:2      | Killed Natasha
  1877 | D:3      | Reached skill level 4 in Unarmed Combat
  1966 | D:3      | Reached XP level 6. HP: 56/61 MP: 5/5
  2004 | D:3      | Found an ornate altar of the Wu Jian Council.
  2004 | D:3      | Found a sacrificial altar of Ru.
  2005 | D:3      | Found a white marble altar of Elyvilon.
  2259 | D:3      | Found a blossoming altar of Fedhas.
  2454 | D:4      | Reached skill level 1 in Throwing
  2469 | D:4      | Noticed Robin
  2500 | D:4      | Killed Robin
  2664 | D:4      | Reached skill level 5 in Unarmed Combat
  2664 | D:4      | Reached XP level 7. HP: 43/67 MP: 6/6
  3792 | D:4      | Found Jecwes's Gadget Shoppe.
  3918 | D:5      | Entered Level 5 of the Dungeon
  3973 | D:5      | Noticed Eustachio
  3982 | D:5      | Killed Eustachio
  4310 | D:5      | Reached skill level 6 in Unarmed Combat
  4310 | D:5      | Reached XP level 8. HP: 65/78 MP: 7/7
  4317 | D:5      | Gained mutation: Your spells are a little easier to cast, but a little less powerful. [potion of mutation]
  4317 | D:5      | Gained mutation: Your muscles are strong. (Str +2) [potion of mutation]
  4317 | D:5      | Gained mutation: You are surrounded by a mild repulsion field. (EV +2) [potion of mutation]
  4317 | D:5      | Gained mutation: Your muscles are very strong. (Str +4) [potion of mutation]
  4318 | D:5      | Gained mutation: Your magical capacity is low. (-10% MP) [mutagenic meat]
  4319 | D:5      | Gained mutation: Scrolls take you a little longer to read. [mutagenic meat]
  4320 | D:5      | Gained mutation: Your magical capacity is very low. (-20% MP) [mutagenic meat]
  4321 | D:5      | Lost mutation: Your magical capacity is very low. (-20% MP) [mutagenic meat]
  4322 | D:5      | Gained mutation: Your flesh is heat resistant. (rF+) [mutagenic meat]
  4824 | D:6      | Noticed Nattefrost's ghost (novice HOFi)
  4848 | D:6      | Slain by Nattefrost's ghost

Vault maps used:
D:1:      minmay_arrival_stone_box, roderic_roman_lattice,
          minmay_three_crescents
D:2:      minmay_roachtagon, uniq_natasha
D:3:      gammafunk_temple_overflow_claw, fedhas_altar_fruit_tree
D:4:      first_bread, serial_shops, shop, uniq_robin
D:5:      uniq_eustachio
D:6:      minmay_temple_entry_statues_fountains

Skill      XL: |  1  2  3  4  5  6  7  8 |
---------------+-------------------------+-----
Unarmed Combat | 3 4 5 6 |  6.7
Dodging        | 3 4 |  4.3
Shields        | 3 4 |  4.2
Fighting       | 3 4 |  4.0
Throwing       | 1 2 4 |  4.0
Stealth        | |  0.4

Action                   |  1- 3 |  4- 6 |  7- 9 || total
-------------------------+-------+-------+-------++-------
Melee: Unarmed           |    76 |   181 |   180 ||   437
Throw: Throwing net      |       |       |     2 ||     2
  Use: Scroll            |       |       |     4 ||     4
       Potion            |       |       |     1 ||     1
 Stab: Held in net/web   |       |       |     1 ||     1
  Eat: Chunk             |     8 |    17 |    23 ||    48
Armor: Robe              |    27 |    44 |    17 ||    88
Dodge: Dodged            |    30 |    51 |    38 ||   119
Block: Shield            |    28 |    83 |    61 ||   172

Table legend:
 A = Spawn XP
 B = Non-spawn XP
 C = Spawn XP percentage of total XP
 D = Spawn monster count
 E = Non-spawn monster count
 F = Spawn count percentage of total count
 G = Total turns spent on level
                    A         B        C        D         E        F      G
               +---------+---------+-------+---------+---------+-------+---------
         Total |       0 |    2230 |   0.0 |       0 |     145 |   0.0 |  4848
               +---------+---------+-------+---------+---------+-------+---------
           D:1 |       0 |      43 |   0.0 |       0 |      25 |   0.0 |   821
           D:2 |       0 |     208 |   0.0 |       0 |      28 |   0.0 |   961
           D:3 |       0 |     314 |   0.0 |       0 |      25 |   0.0 |   734
           D:4 |       0 |     532 |   0.0 |       0 |      41 |   0.0 |  1402
           D:5 |       0 |     878 |   0.0 |       0 |      21 |   0.0 |   876
           D:6 |       0 |     255 |   0.0 |       0 |       5 |   0.0 |    54
               +---------+---------+-------+---------+---------+-------+---------
